Map: Dusty Gorge

Players

MonstroTown - Winner!

  • Race: Terran Terran
  • Spawn Location: 11:00

Michael - Winner!

  • Race: Zerg Zerg
  • League: Platinum
  • Spawn Location: 9:00

FredLeLoup

  • Race: Terran Terran
  • League: Platinum
  • Spawn Location: 5:00

Ericleloup

  • Race: Terran Terran
  • League: Silver
  • Spawn Location: 3:00

VOD

Have the link to the VOD?

Description

Time

  • Played on: Oct. 13, 2018, 4:11 p.m.
  • Length: 4:01
Show
View Real Time Build Order
Export as new Build Order

MonstroTown Terran - Winner!

Build Orders:  

Get SALT Encoding   

  12  0:01  SCV  
  13  0:13  SCV  
  14  0:18  Supply Depot  
  14  0:25  SCV  
  15  0:40  SCV  
  15  0:41  Barracks  
  16  0:51  Refinery  
  16  0:52  SCV  
  17  1:04  SCV  
  17  1:10  Barracks  
  18  1:16  SCV  
  19  1:31  Refinery  
  19  1:32  Orbital Command  
  19  1:39  Reaper  
  20  1:58  SCV, Supply Depot  
  21  2:04  Barracks Tech Lab  
  21  2:20  Command Center  
  21  2:23  SCV  
  21  2:28  Marine  
  23  2:47  SCV  
  23  2:48  Marine  
  23  2:49  Marauder  
  27  2:59  Factory  
  27  3:11  SCV  
  27  3:12  Marine  
  31  3:13  Marauder  
  31  3:28  Supply Depot  
  31  3:31  SCV, Marine  
Show
View Real Time Build Order
Export as new Build Order

Michael Zerg - Winner!

Build Orders: Pool First 

Get SALT Encoding   

  12  0:01  Drone  
  13  0:12  Overlord  
  13  0:18  Drone  
  14  0:31  Drone x2  
  14  0:34  Drone  
  17  0:40  Extractor  
  16  0:45  Drone  
  17  0:53  Spawning Pool  
  17  0:56  Drone  
  17  1:07  Drone  
  18  1:26  Hatchery  
  18  1:28  Drone  
  18  1:39  Queen  
  18  1:44  Zergling x2  
  21  1:48  Zergling x2  
  22  1:56  Metabolic Boost  
  22  2:03  Overlord  
  22  2:21  Queen  
  24  2:45  Drone x4  
  28  3:11  Drone x6  
  34  3:29  Drone x2  
  34  3:30  Overlord  
  34  3:34  Overlord  
Show
View Real Time Build Order
Export as new Build Order

FredLeLoup Terran 

Build Orders:  

Get SALT Encoding   

  12  0:02  SCV  
  13  0:14  SCV  
  14  0:23  Supply Depot  
  14  0:26  SCV  
  15  0:45  SCV  
  15  0:46  Barracks  
  16  0:57  SCV  
  17  1:05  Supply Depot  
  17  1:08  Refinery  
  17  1:09  SCV  
  18  1:11  Refinery  
  18  1:24  SCV  
  19  1:37  Orbital Command  
  19  1:39  Marine  
  20  1:57  Factory  
  20  2:03  Barracks Reactor  
  20  2:05  SCV  
  21  2:17  SCV  
  22  2:29  SCV  
  23  2:42  SCV  
  24  2:45  Factory Tech Lab  
  24  2:47  Starport  
  24  2:52  Marine  
  24  2:54  SCV  
  25  3:14  Siege Tank  
  25  3:15  Marine x2  
  25  3:16  SCV  
Show
View Real Time Build Order
Export as new Build Order

Ericleloup Terran 

Build Orders:  

Get SALT Encoding   

  12  0:03  SCV  
  13  0:16  Supply Depot  
  13  0:19  SCV  
  14  0:27  Refinery  
  14  0:32  SCV  
  15  0:47  Barracks  
  15  0:49  SCV  
  16  1:04  Supply Depot  
  16  1:11  SCV  
  17  1:22  Refinery  
  17  1:40  Factory  
  17  1:41  Barracks Tech Lab  
  17  1:44  SCV  
  18  1:57  SCV  
  19  2:13  Orbital Command  
  19  2:40  Siege Tank  
  19  2:41  Barracks Reactor  
Tags
 
Add a new tag
Caveats
  • Supply blocks, unpowered buildings, or Contaminate may cause inaccurate times.
  • Supply counts are checked every 10 seconds.